 Dungeon Sprint DCSS version 0.31-a0-841-g038b102fc3 (webtiles) character file.

Game seed: 10866622929374939949

437 sircluck the Grappler (level 6, -1/106 HPs)
             Began as a Troll Berserker on Sept 27, 2023.
             Was a Believer of Trog.
             Succumbed to a gnoll sergeant's poison
             ... in the Dungeon (Sprint VII: "The Pits").
             The game lasted 00:00:18 (40 turns).

sircluck the Grappler (Troll Berserker)               Turns: 40, Time: 00:00:19

Health: -1/106     AC:  4    Str: 28    XL:     6   Next: 69%
Magic:  5/5        EV: 11    Int:  3    God:    Trog [**....]
Gold:   0          SH:  0    Dex:  9    Spells: 5/5 levels left

rFire   . .          .
                       - Unarmed
rCold   . . .        (no shield)
rNeg    . . .        a - +0 animal skin
rPois   .            (helmet restricted)
rElec   .            (no cloak)
rCorr   .            (gloves unavailable)
SInv    .            (boots unavailable)
Will    .....        (no amulet) Stlth
                     (no ring)
HPRegen 1.17/turn    (no ring)
MPRegen 0.09/turn

%: no teleportation
@: berserking (expiring), lethally poisoned (-1 -> -19), very quick
A: large, unfitting armour, claws 3, regeneration 1, shaggy fur 1, tough skin 1
a: Renounce Religion, Berserk, Trog's Hand


You were in the Dungeon.
You worshipped Trog.
Trog was pleased with you.
You visited 1 branch

Inventory:

Armour
 a - a +0 animal skin (worn)
Scrolls
 g - a scroll of blinking
Potions
 b - a potion of curing
 c - a potion of heal wounds
 d - a potion of haste
 e - 2 potions of magic
 f - a potion of berserk rage


   Skills:
 + Level 7.5 Fighting
 + Level 7.4 Dodging
 + Level 8.9 Unarmed Combat


You had 5 spell levels left.
You didn't know any spells.
Your spell library was empty.

Dungeon Overview and Level Annotations

Branches:
Dungeon (1/1)

Altars:


Innate Abilities, Weirdness & Mutations

You are too large for most types of armour.
You have claws for hands.
Your natural rate of healing is unusually fast.
You are covered in fur. (AC +1)
You have tough skin. (AC +1)


Message History

You have reached level 5!
You have reached level 6!
You feel stronger.
Unknown command.
Unknown command.
You feel very sick. The gnoll barely misses you.
The gnoll sergeant closely misses you. The gnoll closely misses you.
The gnoll barely misses you.
There is a broken gate, spattered with blood here.
Things that are here:
a +0 dagger; a +0 ring mail; a hound corpse You claw the gnoll!
Your claw misses the gnoll.
The gnoll is almost dead.
You feel sick.
You claw the gnoll!
You feel the power of Trog in you as your rage grows.
You kill the gnoll!
Trog accepts your kill.
You feel sick. The gnoll hits you with a +0 spear.
* * * LOW HITPOINT WARNING * * *
The gnoll sergeant hits you with a +3 spear of venom.
* * * LOW HITPOINT WARNING * * *
You are more poisoned.
The gnoll barely misses you.
Unknown command.
Unknown command.
Unknown command.
You completely miss the gnoll sergeant. Your claw misses the gnoll sergeant.
You feel very sick. The gnoll barely misses you.
The gnoll hits you from afar with a +0 spear.
* * * LOW HITPOINT WARNING * * *
The gnoll sergeant hits you with a +3 spear of venom!
* * * LOW HITPOINT WARNING * * *
You are more poisoned.
You completely miss the gnoll sergeant. You claw the gnoll sergeant!
The gnoll sergeant is severely wounded.
* * * LOW HITPOINT WARNING * * *
You feel very sick.
You die...

#................#
####'#####''######
#.......##''#
#.......##..#
#.......##..#
#...<...##..####
#.......##..#..###
#.......##.)#g...##
#.......##.@))....#
##########..'g....+
#..'g....#
#..#....##
#..#..### #..####
#..# #..#


You could see a gnoll sergeant and 2 gnolls.

Vanquished Creatures
  A deep elf pyromancer (D)
  A hound (D)
  2 gnolls (D)
4 creatures vanquished.

Notes
Turn   | Place    | Note
-------+----------+-------------------------------------------
     0 | D        | sircluck the Troll Berserker began the quest for the Orb.
     0 | D        | Reached XP level 1. HP: 22/22 MP: 0/0
    21 | D        | Noticed a deep elf pyromancer
    21 | D        | Noticed a hound
    21 | D        | Noticed a gnoll sergeant
    26 | D        | Reached XP level 2. HP: 31/31 MP: 1/1
    29 | D        | Reached skill level 4 in Unarmed Combat
    29 | D        | Reached XP level 3. HP: 39/39 MP: 2/2
    33 | D        | Noticed a fire elemental
    34 | D        | Killed a deep elf pyromancer
    34 | D        | Reached ** piety under Trog
    35 | D        | Reached skill level 8 in Unarmed Combat
    35 | D        | Reached XP level 4. HP: 27/55 MP: 3/3
    35 | D        | Reached XP level 5. HP: 31/62 MP: 4/4
    35 | D        | Reached XP level 6. HP: 35/71 MP: 5/5
    38 | D        | HP: 5/106 [gnoll sergeant/+3 spear of venom (14)]
    39 | D        | HP: 2/106 [poisoned by a gnoll sergeant]
    40 | D        | Succumbed to a gnoll sergeant's poison

Illustrated notes

Levels and vault maps discovered:
D:        pitsprint [storerooms_1, entrance_room_1, metal_vault_1, armoury_2,
          mini_pit_1, grid_room_1, main_hall_1, silver_pit, the_coven_3,
          the_vestibule_1, steel_vault_5, golden_pit, hallway_of_sentries,
          crystal_vault_4, iron_vault_4, final_vault]

Skill      XL: |  1  2  3 |
---------------+----------+-----
Fighting       | 3 4 7 |  7.5
Dodging        | 3 7 |  7.4
Unarmed Combat | 4 8 |  8.9

Action                     |  1- 3 |  4- 6 || total
---------------------------+-------+-------++-------
  Melee: Unarmed           |     8 |     4 ||    12
         Punch             |       |     1 ||     1
 Invoke: Berserk           |     1 |       ||     1
 Armour: Animal skin       |     9 |     4 ||    13
  Dodge: Dodged            |     9 |     6 ||    15

Table legend: (Time is in decaauts)
 A = Elapsed time spent in this place.
 B = Non-inter-level travel time spent in this place.
 C = Inter-level travel time spent in this place.
 D = Time resting spent in this place.
 E = Time spent auto-exploring this place.
 F = Levels seen in this place.
 G = Mean time per level.
                   A        B        C        D        E       F      G
               +--------+--------+--------+--------+--------+-----+--------+
         Total |     34 |     34 |      0 |      0 |     21 |   1 |   34.0 |
       Dungeon |     34 |     34 |      0 |      0 |     21 |   1 |   34.0 |
               +--------+--------+--------+--------+--------+-----+--------+

Top non-repeatable levels by time:
       D: 34 daAuts
